 Dungeon Crawl Stone Soup version 0.30.1-11-g7821555f0a (webtiles) character file.

Game seed: 811954375158242883

697 NotPositiveXP the Covert (level 7, -7/41 HPs)
             Began as a Kobold Brigand on July 20, 2023.
             Mangled by an ogre
             ... wielding a +0 giant spiked club
              (12 damage)
             ... on level 6 of the Dungeon on Nov 2, 2023.
             The game lasted 00:27:56 (3808 turns).

NotPositiveXP the Covert (Kobold Brigand)           Turns: 3808, Time: 00:27:57

Health: -7/41      AC:  5    Str: 15    XL:     7   Next: 97%
Magic:  7/7        EV: 15    Int: 12    God:
Gold:   290        SH:  0    Dex: 18    Spells: 6/6 levels left

rFire   . . .        r - +7 dagger (speed)
rCold   . . .        (no shield)
rNeg    . . .        b - +2 robe
rPois   .            (no helmet)
rElec   .            c - +0 cloak
rCorr   .            (no gloves)
SInv    .            (no boots)
Will    .....        (no amulet)
Stlth   ++++++       j - +6 ring of strength
HPRegen 0.26/turn    (no ring)
MPRegen 0.10/turn

%: no passive effects
@: no status effects
A: small, no large weapons, nightstalker 3
a: no special abilities


You were on level 6 of the Dungeon.
You visited 1 branch of the dungeon, and saw 6 of its levels.

You collected 290 gold pieces.

Inventory:

Hand Weapons
 a - a +2 dagger
 i - a +2 vampiric short sword
 r - a +7 dagger of speed (weapon)
Missiles
 d - 9 poisoned darts (quivered)
 e - 3 curare-tipped darts
Armour
 b - a +2 robe (worn)
 c - a +0 cloak (worn)
 f - a +0 ring mail
Jewellery
 j - a +6 ring of strength (left hand)
Wands
 m - a wand of paralysis (15)
 p - a wand of flame (5)
 s - a wand of light (12)
Scrolls
 h - a scroll of poison
 o - 2 scrolls of noise
 y - a scroll of immolation {unknown}
Potions
 g - a potion of berserk rage {unknown}
 k - a potion of invisibility
 l - 2 potions of might {unknown}
 n - 2 potions of heal wounds
 q - a potion of brilliance {unknown}
 t - a potion of ambrosia
 u - a potion of magic
 v - 2 potions of curing
 w - a potion of cancellation {unknown}
 x - a potion of lignification


   Skills:
 + Level 3.2 Fighting
 + Level 5.5 Short Blades
 + Level 2.2 Throwing
 + Level 2.7 Dodging
 + Level 10.6 Stealth


You had 6 spell levels left.
You didn't know any spells.
Your spell library contained the following spells:

 Spells                   Type           Power      Damage    Failure   Level
 Magic Dart               Conj           0%         1d3       32%         1
 Call Imp                 Summ           0%         N/A       45%         2
 Mephitic Cloud           Conj/Pois/Air  0%         N/A       69%         3
 Animate Armour           Summ/Erth      0%         N/A       97%         4
 Ice Form                 Ice/Tmut       0%         N/A       97%         4
 Summon Forest            Summ/Tloc      0%         N/A       100%        5
 Malign Gateway           Summ/Tloc      0%         N/A       100%        7


Dungeon Overview and Level Annotations

Branches:
Dungeon (6/15)
 Temple: D:4-7

Altars:
Cheibriados
Kikubaaqudgha
Makhleb
Qazlal
Ru
Sif Muna
Vehumet
Xom
Yredelemnul
Zin
The Shining One

Shops:
D:2 *


Innate Abilities, Weirdness & Mutations

You are small and have problems with some larger weapons.
You are completely attuned to the shadows.


Message History

A sky beast comes into view.
You see here a potion of curing.
You see here a potion of curing.
The sky beast closely misses you.
You hit the sky beast.
The sky beast is lightly wounded.
The sky beast barely misses you.
You hit the sky beast.
The sky beast is moderately wounded.
You hit the sky beast.
The sky beast is moderately wounded.
The sky beast flickers out of sight!
Deactivating autopickup; reactivate with Ctrl-A.
Something hits you but does no damage.
You hit something. You hit something. Something hits you but does no damage.
You hit something. You miss something. Something hits you but does no damage.
You hit something. You closely miss something.
Something hits you but does no damage.
You barely miss something. You puncture something!
Reactivating autopickup.
You feel a bit more experienced.
You see here a sky beast corpse.
An ogre comes into view. It is wielding a +0 giant spiked club.
The ogre shouts!
The ogre moves out of view.
You puncture the ogre!
The ogre is moderately wounded.
You puncture the ogre!
The ogre is heavily wounded.
The ogre hits you with a +0 giant spiked club!!!
Ouch! That really hurt!
* * * LOW HITPOINT WARNING * * *
You barely miss the ogre.
The ogre is heavily wounded.
The ogre attacks as you move away!
The ogre hits you with a +0 giant spiked club!
You die...

#.>......#
#..!...###
#......#
#..###>#
#..# #.#
#.†###.#
## #......
...##.####
#..O@.#
#######


You could see an ogre.

Vanquished Creatures
  A water moccasin (D:5)
  A sky beast (D:6)
  An orc priest (D:6)
  A jelly (D:6)
  3 hounds
  An iguana (D:4)
  A sleepcap (D:5)
  Ijyb (D:3)
  Terence (D:2)
  3 orc wizards
  8 adders
  A white imp (D:5)
  2 worms
  6 dart slugs
  8 orcs
  5 ball pythons
  4 endoplasms
  3 giant cockroaches
  8 goblins
  2 hobgoblins (D:4)
  8 jackals
  4 kobolds
  2 quokkas
  A bat (D:3)
  5 rats
81 creatures vanquished.

Notes
Turn   | Place    | Note
-------+----------+-------------------------------------------
     0 | D:1      | NotPositiveXP the Kobold Brigand began the quest for the
                  | Orb.
     0 | D:1      | Reached XP level 1. HP: 12/12 MP: 1/1
   144 | D:1      | Reached XP level 2. HP: 14/17 MP: 2/2
   382 | D:1      | Reached skill level 6 in Stealth
   762 | D:2      | Reached XP level 3. HP: 20/21 MP: 3/3
  1034 | D:2      | Noticed Terence
  1037 | D:2      | Found Detur's General Store.
  1038 | D:2      | Killed Terence
  1039 | D:2      | Reached XP level 4. HP: 27/27 MP: 4/4
  1474 | D:3      | Reached skill level 7 in Stealth
  1511 | D:3      | Reached XP level 5. HP: 31/31 MP: 5/5
  1688 | D:3      | Found a glowing golden altar of the Shining One.
  1885 | D:3      | Noticed Ijyb
  1889 | D:3      | Killed Ijyb
  1909 | D:3      | Found a shimmering blue altar of Sif Muna.
  2437 | D:4      | Reached XP level 6. HP: 36/36 MP: 6/6
  2470 | D:4      | Reached skill level 8 in Stealth
  2857 | D:4      | Upgraded the game from 0.30.1-3-gfc49f6343a to
                  | 0.30.1-11-g7821555f0a
  2872 | D:4      | Found a burning altar of Makhleb.
  2874 | D:4      | Found a radiant altar of Vehumet.
  2874 | D:4      | Found a shimmering altar of Xom.
  2876 | D:4      | Found a snail-covered altar of Cheibriados.
  2876 | D:4      | Found an ancient bone altar of Kikubaaqudgha.
  2878 | D:4      | Found a glowing silver altar of Zin.
  2878 | D:4      | Found a sacrificial altar of Ru.
  2884 | D:4      | Found a stormy altar of Qazlal.
  2938 | D:4      | Reached skill level 5 in Short Blades
  2974 | D:5      | Entered Level 5 of the Dungeon
  3138 | D:5      | Noticed a water moccasin
  3142 | D:5      | Killed a water moccasin
  3143 | D:5      | Reached skill level 9 in Stealth
  3143 | D:5      | Reached XP level 7. HP: 41/41 MP: 7/7
  3342 | D:5      | Found a basalt altar of Yredelemnul.
  3574 | D:5      | Got Akhlieff's Vademecum on the Phantasmal Wendigo
  3702 | D:6      | Reached skill level 10 in Stealth
  3808 | D:6      | Mangled by an ogre

Illustrated notes

Levels and vault maps discovered:
D:1:      lemuel_arrival_room, layout_loops_ring
D:2:      layout_loops_cross, serial_shops, nicolae_shop_crystal,
          lightli_corner_chamber, uniq_terence
D:3:      layout_loops_ring, mainiacjoe_overflow_boulevard, old_standard_altar,
          uniq_ijyb
D:4:      layout_rooms, grunt_temple_overflow_open, serial_curves,
          eino_curves_02, eino_curves_01
D:5:      layout_loops_ring, general_overflow_altar
D:6:      layout_loops_ring, minmay_crossroads

Skill      XL: |  1  2  3  4  5  6  7 |
---------------+----------------------+-----
Stealth        | 6 7 9 10 | 10.6
Short Blades   | 3 4 5 |  5.5
Dodging        | 2 |  2.7
Fighting       | 3 |  3.2
Throwing       | |  2.2

Action                     |  1- 3 |  4- 6 |  7- 9 || total
---------------------------+-------+-------+-------++-------
  Melee: Dagger            |    28 |    42 |    65 ||   135
         Short sword       |    20 |    69 |       ||    89
         Punch             |       |       |     1 ||     1
    Use: Potion            |     2 |     5 |       ||     7
         Scroll            |     1 |     8 |       ||     9
   Stab: Sleeping          |     9 |    28 |     4 ||    41
         Distracted        |       |     1 |       ||     1
 Armour: Robe              |    11 |    13 |    15 ||    39
  Dodge: Dodged            |    31 |    36 |    13 ||    80
